Map: Shrines of Lizul

Players

TimeTwist

  • Race: Zerg Zerg
  • Spawn Location: 3:00

Scaramanga

  • Race: Terran Terran
  • Spawn Location: 12:00

Loken - Winner!

  • Race: Protoss Protoss
  • Spawn Location: 6:00

FrogMint - Winner!

  • Race: Zerg Zerg
  • Spawn Location: 9:00

VOD

Have the link to the VOD?

Description

Time

  • Played on: March 8, 2017, 4:30 p.m.
  • Length: 9:15
Show
View Real Time Build Order
Export as new Build Order

TimeTwist Zerg 

Build Orders: Pool First 

Get SALT Encoding   

  12  0:01  Drone  
  13  0:13  Overlord  
  14  0:21  Drone  
  14  0:35  Drone x2, Extractor  
  15  0:38  Drone  
  16  0:48  Drone  
  17  0:55  Spawning Pool  
  16  0:57  Drone  
  17  1:08  Drone  
  18  1:19  Drone  
  19  1:30  Drone  
  20  1:41  Metabolic Boost, Overlord  
  20  1:42  Queen  
  22  2:02  Hatchery  
  22  2:07  Zergling x4  
  23  2:16  Zergling x2  
  23  2:17  Queen  
  26  2:27  Zergling x2  
  27  2:38  Zergling x2  
  27  2:51  Zergling x4  
  29  3:02  Overlord  
  29  3:20  Overlord  
  29  3:21  Drone x3  
  32  3:32  Roach Warren  
  31  3:47  Drone x2, Overlord  
  31  3:48  Drone x3  
  34  4:12  Roach x5  
  34  4:13  Roach  
  46  4:22  Lair  
  44  4:36  Roach x3  
  49  4:41  Extractor  
  49  4:42  Drone  
  49  4:43  Drone  
  49  5:07  Overlord  
  49  5:13  Overlord  
  49  5:17  Hatchery  
  49  5:20  Drone x2  
  50  5:23  Extractor  
  50  5:25  Extractor  
  48  5:29  Spine Crawler  
  48  5:30  Spore Crawler  
  48  5:33  Spore Crawler  
  48  5:35  Queen  
  47  5:36  Glial Reconstitution  
  47  5:38  Roach x6  
  59  5:50  Overlord x2  
  53  6:08  Roach x6  
  53  6:09  Roach  
  47  6:19  Zergling x2  
  47  6:20  Zergling x6  
  47  6:25  Queen  
  41  6:45  Roach  
  41  6:46  Roach x5  
  28  7:11  Roach x2  
  28  7:12  Roach x2  
  33  7:23  Drone  
  33  7:24  Drone x2  
  33  7:28  Drone  
  37  7:31  Drone  
  38  7:51  Drone x3  
  41  7:52  Drone  
  41  7:53  Drone  
  41  7:56  Drone  
  44  8:05  Drone x3  
  45  8:17  Roach x3  
  51  8:25  Roach x2  
  51  8:45  Roach x3  
Show
View Real Time Build Order
Export as new Build Order

Scaramanga Terran 

Build Orders: Reaper Expand 

Get SALT Encoding   

  12  0:01  SCV  
  13  0:14  Supply Depot  
  13  0:19  SCV  
  14  0:31  SCV  
  14  0:35  Refinery  
  15  0:43  SCV  
  16  0:55  SCV  
  17  1:01  Barracks  
  17  1:07  SCV  
  18  1:19  SCV  
  18  1:31  SCV  
  19  1:45  Command Center  
  19  1:50  Reaper  
  19  1:54  Orbital Command  
  20  2:16  Factory  
  20  2:21  SCV  
  20  2:22  Reaper  
  22  2:31  Refinery  
  22  2:33  SCV  
  23  2:47  SCV  
  23  3:00  SCV, Barracks Tech Lab  
  24  3:11  Factory Reactor  
  24  3:12  SCV  
  25  3:18  Starport  
  25  3:23  SCV  
  25  3:24  SCV  
  25  3:25  Supply Depot  
  27  3:35  SCV  
  27  3:36  SCV  
  29  3:47  SCV, Supply Depot  
  30  3:48  SCV  
  30  3:52  Supply Depot  
  31  4:03  SCV, Engineering Bay  
  31  4:04  SCV  
  33  4:14  Raven  
  33  4:15  Barracks Tech Lab  
  33  4:16  SCV x2  
  39  4:17  Hellion x2  
  41  4:28  SCV x2  
  41  4:29  Supply Depot  
  45  4:38  Hellion  
  45  4:39  Hellion  
  45  4:40  SCV x2  
  49  4:47  Missile Turret  
  49  4:52  SCV x2  
  51  4:54  Refinery, Missile Turret  
  51  4:59  Refinery  
  51  5:01  Stimpack  
  51  5:04  SCV x2  
  53  5:15  Terran Infantry Weapons Level 1  
  53  5:16  SCV  
  53  5:18  Factory Tech Lab  
  54  5:24  Marine  
  54  5:26  Banshee  
  58  5:29  Cloaking Field  
  50  5:39  SCV  
  50  5:42  Marine  
  48  5:51  SCV  
  48  5:58  Siege Tank  
  46  6:09  Banshee  
  41  6:20  Supply Depot  
  41  6:24  Barracks  
  41  6:32  Siege Tank  
  44  6:38  Marine  
  45  6:45  Orbital Command  
  45  6:50  Barracks x2  
  45  6:57  Marauder, SCV  
  48  7:08  Supply Depot  
  48  7:09  SCV, Terran Infantry Armor Level 1  
  48  7:11  Marine  
  48  7:13  SCV  
  51  7:18  Marauder  
  51  7:21  SCV  
  53  7:25  SCV  
  53  7:28  Marine  
  55  7:34  SCV  
  56  7:37  SCV, Siege Tank  
  56  7:38  Marine  
  56  7:39  Marine x2  
  63  7:45  Medivac  
  63  7:46  SCV, Marine  
  63  7:49  SCV  
  68  7:56  Marine  
  68  7:57  Marauder, Marine  
  68  7:58  SCV  
  73  8:01  SCV  
  73  8:04  Marine  
  75  8:10  SCV  
  76  8:13  SCV  
  76  8:14  Marine  
  78  8:22  SCV  
  78  8:33  Missile Turret  
  74  8:48  Missile Turret  
  74  8:51  Marine x4  
  74  8:53  Missile Turret  
Show
View Real Time Build Order
Export as new Build Order

Loken Protoss - Winner!

Build Orders:  

Get SALT Encoding   

  12  0:01  Probe (Chrono Boost)  
  13  0:12  Probe (Chrono Boost)  
  14  0:19  Pylon  
  14  0:22  Probe (Chrono Boost)  
  15  0:31  Assimilator  
  15  0:37  Probe (Chrono Boost)  
  16  0:47  Gateway  
  16  0:48  Probe (Chrono Boost)  
  17  0:58  Probe (Chrono Boost)  
  18  1:09  Probe (Chrono Boost)  
  19  1:15  Assimilator  
  19  1:19  Probe (Chrono Boost)  
  19  1:21  Pylon  
  20  1:35  Cybernetics Core  
  20  1:38  Probe (Chrono Boost)  
  20  1:39  Zealot  
  23  1:49  Probe (Chrono Boost)  
  24  1:59  Warp Gate  
  24  2:00  Probe (Chrono Boost)  
  25  2:03  Gateway  
  25  2:05  Gateway  
  25  2:15  Stalker  
  27  2:29  Probe (Chrono Boost)  
  28  2:36  Twilight Council  
  28  2:38  Gateway  
  28  2:44  Pylon  
  28  2:55  Stalker  
  30  3:02  Stalker  
  30  3:03  Sentry  
  34  3:11  Pylon  
  34  3:14  Charge  
  28  4:09  Stalker  
  29  4:10  Stalker x3  
  35  4:30  Pylon  
  35  4:32  Pylon  
  35  4:43  Zealot x2  
  35  4:44  Zealot x2  
  43  5:05  Zealot x4  
  51  5:37  Zealot x4  
  47  6:18  Stalker x4  
  39  7:02  Stalker x4  
  39  7:26  Nexus  
  39  7:28  Sentry x4  
  47  7:48  Dark Shrine  
  47  7:54  Zealot x3  
  47  7:55  Zealot  
  31  9:03  Probe (Chrono Boost)  
Show
View Real Time Build Order
Export as new Build Order

FrogMint Zerg - Winner!

Build Orders: Pool First 

Get SALT Encoding   

  12  0:12  Drone x2  
  14  0:18  Overlord  
  14  0:35  Spawning Pool  
  13  0:46  Drone x2  
  13  0:47  Drone  
  16  0:59  Drone  
  17  1:12  Overlord  
  17  1:22  Overlord  
  17  1:24  Queen  
  19  1:38  Zergling x2  
  20  1:41  Extractor  
  20  1:44  Drone  
  20  2:00  Zergling x2  
  21  2:04  Hatchery  
  21  2:06  Drone  
  21  2:15  Drone  
  22  2:27  Drone  
  23  2:36  Drone x3, Extractor  
  23  2:54  Drone  
  23  2:55  Drone, Metabolic Boost  
  25  3:02  Queen  
  25  3:04  Zergling x2  
  28  3:22  Zergling x6  
  28  3:23  Zergling x4  
  28  3:24  Baneling Nest  
  31  3:32  Queen  
  33  3:35  Drone  
  34  3:56  Drone x2  
  34  4:00  Spine Crawler  
  35  4:08  Queen  
  37  4:11  Spine Crawler  
  37  4:16  Lair  
  36  4:20  Zergling x4  
  37  4:51  Zergling x2  
  37  4:52  Zergling x12  
  44  4:55  Overlord  
  42  5:42  Drone x2, Spire  
  43  5:43  Drone x7  
  48  6:05  Zergling x2  
  48  6:06  Zergling x4  
  51  6:23  Spore Crawler  
  50  6:27  Spore Crawler  
  50  6:28  Spore Crawler  
  50  6:30  Drone x4  
  51  6:56  Zergling x2  
  51  6:58  Overlord x3  
  50  7:03  Extractor  
  50  7:05  Extractor  
  46  7:26  Mutalisk  
  46  7:27  Mutalisk x5  
  55  7:35  Mutalisk x3  
  55  7:36  Mutalisk x2  
  63  7:44  Mutalisk  
  65  7:57  Drone x2  
  65  7:58  Drone x2  
Tags
 
Add a new tag
Caveats
  • Supply blocks, unpowered buildings, or Contaminate may cause inaccurate times.
  • Supply counts are checked every 10 seconds.